Map: Automaton LE

Players

Bly - Winner!

  • Race: Zerg Zerg
  • Spawn Location: 9:00

MrKillous (SKillous)

  • Race: Protoss Protoss
  • Spawn Location: 3:00

Event: IEM Season 13: Katowice (2019)

VOD

Have the link to the VOD?

Description

Time

  • Played on: Feb. 25, 2019, 10:50 a.m.
  • Length: 15:47

All games in this series

Show
View Real Time Build Order
Export as new Build Order

Bly Zerg - Winner!

Build Orders: Pool First, Swarm Host 

Get SALT Encoding   

  12  0:01  Drone  
  13  0:12  Overlord  
  13  0:18  Drone  
  14  0:31  Drone x2  
  16  0:43  Spawning Pool  
  16  0:47  Drone  
  16  0:54  Drone  
  17  1:13  Hatchery  
  17  1:18  Drone  
  17  1:30  Zergling x6  
  20  1:43  Evolution Chamber  
  20  1:46  Hatchery  
  20  1:58  Queen, Overlord  
  22  2:01  Extractor  
  22  2:06  Drone  
  22  2:24  Drone x2, Hatchery  
  23  2:31  Drone  
  24  2:44  Drone  
  24  2:51  Drone  
  24  2:57  Drone  
  25  2:58  Queen  
  25  3:01  Drone  
  25  3:02  Queen  
  30  3:07  Zergling x2  
  31  3:19  Metabolic Boost  
  30  3:23  Zergling x4  
  30  3:24  Zergling x6  
  35  3:32  Overlord  
  36  3:45  Hatchery  
  35  3:51  Spore Crawler x2  
  35  3:53  Drone x3  
  36  4:02  Drone x3  
  38  4:18  Drone  
  38  4:19  Drone x4  
  43  4:33  Overlord x2  
  43  4:42  Hatchery  
  42  4:47  Drone  
  40  4:56  Zergling x14  
  40  4:57  Queen, Zergling x2  
  50  5:01  Drone  
  50  5:02  Drone x3  
  54  5:16  Zergling x2  
  55  5:22  Drone x2  
  55  5:26  Zergling x2  
  56  5:30  Drone x6  
  56  5:31  Queen  
  56  5:35  Overlord  
  64  5:42  Queen  
  64  5:46  Overlord x2  
  60  6:07  Spore Crawler  
  60  6:08  Drone x12  
  71  6:17  Lair  
  71  6:21  Hatchery  
  70  6:29  Drone x5  
  74  6:33  Extractor  
  74  6:35  Extractor, Drone x5, Roach Warren  
  74  6:36  Drone  
  70  6:50  Extractor  
  70  6:51  Extractor  
  68  6:54  Overlord  
  68  6:56  Drone x5  
  68  6:57  Drone  
  74  7:02  Overlord, Zergling x14  
  81  7:12  Overlord  
  81  7:16  Glial Reconstitution  
  81  7:18  Extractor  
  79  7:28  Zergling x16  
  81  7:41  Drone x7  
  81  7:42  Drone x2  
  89  7:45  Overlord  
  89  7:47  Infestation Pit  
  89  7:49  Drone x2  
  85  7:52  Overseer  
  85  7:56  Evolution Chamber  
  85  7:58  Drone x4  
  87  7:59  Drone x2  
  87  8:00  Drone  
  87  8:01  Drone x3  
  87  8:04  Spore Crawler  
  93  8:06  Roach x2  
  93  8:11  Roach x2  
  101  8:14  Roach  
  101  8:18  Roach  
  105  8:28  Roach x7  
  105  8:32  Overlord  
  105  8:33  Overlord x5, Zerg Missile Weapons Level 1  
  119  8:38  Pneumatized Carapace  
  119  8:45  Extractor  
  119  8:47  Roach  
  120  8:54  Nydus Network  
  119  8:58  Roach x10  
  119  9:00  Hatchery  
  138  9:07  Swarm Host  
  138  9:08  Roach x5  
  149  9:21  Roach x8  
  149  9:22  Ravager x3  
  167  9:25  Ravager  
  167  9:26  Overlord x2  
  166  9:32  Ravager  
  166  9:36  Nydus Canal  
  167  9:39  Overlord x3  
  163  9:59  Nydus Canal  
  163  10:02  Roach x9  
  181  10:12  Roach x2  
  170  10:16  Roach  
  170  10:17  Roach  
  162  10:22  Roach  
  156  10:30  Roach x2, Queen x3  
  156  10:32  Zerg Missile Weapons Level 2  
  145  10:48  Ravager x3  
  145  10:49  Roach x6  
  158  10:51  Spire  
  158  10:55  Roach  
  146  11:05  Nydus Canal  
  127  11:11  Roach x5  
  127  11:12  Hatchery  
  127  11:17  Drone x3  
  137  11:20  Zergling x10  
  142  11:27  Extractor  
  142  11:30  Overseer  
  141  11:35  Zergling x6  
  141  11:36  Zergling x10  
  141  11:37  Overseer  
  149  11:43  Nydus Canal  
  148  12:02  Nydus Canal  
  148  12:05  Roach x3  
  148  12:06  Roach x11  
  175  12:14  Ravager x5  
  175  12:15  Ravager  
  179  12:21  Swarm Host x2, Ravager x2  
  179  12:22  Swarm Host x4  
  177  12:52  Roach x7  
  179  13:06  Roach x5  
  185  13:28  Roach x7  
  194  13:39  Roach x2  
  194  13:40  Roach x5  
  186  13:47  Roach x2  
  165  13:55  Roach x3  
  157  14:01  Swarm Host  
  157  14:02  Swarm Host x3  
  164  14:06  Spine Crawler  
  161  14:12  Ravager x4  
  161  14:14  Ravager x4  
  169  14:20  Roach x3, Drone x2  
  174  14:29  Roach x5  
  174  14:30  Roach x5  
  178  14:47  Roach x3  
  184  14:59  Roach x8  
  157  15:11  Mutalisk  
  157  15:12  Roach x7  
  156  15:23  Roach x4  
  162  15:31  Hatchery  
  155  15:43  Hatchery  
Show
View Real Time Build Order
Export as new Build Order

MrKillous Protoss 

Build Orders: Oracle Opening 

Get SALT Encoding   

  12  0:01  Probe  
  13  0:13  Probe  
  14  0:19  Pylon  
  14  0:25  Probe  
  15  0:33  Probe  
  15  0:39  Gateway  
  15  0:41  Probe  
  16  0:49  Assimilator  
  17  0:52  Probe  
  18  1:04  Probe  
  19  1:16  Probe  
  20  1:30  Probe, Cybernetics Core  
  20  1:31  Pylon  
  21  1:42  Probe  
  22  1:55  Probe  
  22  1:56  Adept  
  23  2:07  Probe  
  26  2:20  Probe  
  27  2:26  Stargate  
  27  2:32  Adept, Probe  
  27  2:34  Assimilator  
  30  2:40  Pylon  
  30  2:48  Probe  
  31  3:00  Probe  
  31  3:05  Oracle  
  33  3:12  Probe  
  36  3:24  Probe  
  37  3:49  Nexus  
  37  3:52  Warp Gate  
  37  3:54  Pylon  
  37  3:57  Probe  
  38  4:09  Probe  
  39  4:13  Void Ray  
  42  4:21  Probe  
  44  4:31  Gateway, Shield Battery  
  44  4:33  Probe  
  45  4:41  Gateway  
  45  4:45  Probe  
  46  4:51  Shield Battery  
  46  4:57  Probe  
  45  5:01  Oracle  
  45  5:04  Probe  
  49  5:09  Probe, Shield Battery  
  50  5:16  Probe  
  51  5:21  Probe  
  52  5:28  Probe  
  52  5:29  Assimilator  
  52  5:33  Probe, Assimilator  
  54  5:36  Robotics Facility  
  54  5:40  Probe  
  55  5:43  Adept x2  
  55  5:46  Probe  
  60  5:53  Probe  
  61  5:58  Probe  
  61  5:59  Pylon  
  62  6:10  Pylon  
  62  6:13  Twilight Council  
  62  6:14  Forge  
  62  6:17  Probe x2  
  64  6:20  Adept  
  64  6:21  Adept  
  64  6:22  Observer  
  64  6:23  Adept  
  69  6:29  Probe x2  
  72  6:41  Probe x2  
  72  6:42  Nexus  
  72  6:47  Protoss Ground Weapons Level 1, Blink  
  72  6:49  Pylon  
  72  6:54  Probe  
  74  7:06  Immortal  
  74  7:08  Probe  
  78  7:14  Pylon  
  78  7:23  Probe  
  79  7:33  Gateway  
  79  7:34  Gateway  
  79  7:36  Gateway  
  77  7:38  Probe x2  
  77  7:42  Gateway  
  74  7:45  Immortal  
  74  7:47  Sentry x2  
  74  7:50  Sentry, Probe  
  85  7:52  Probe x2  
  83  8:02  Gateway, Probe  
  83  8:04  Probe x2  
  83  8:05  Pylon  
  85  8:11  Sentry x2  
  85  8:12  Assimilator  
  90  8:16  Probe  
  90  8:17  Warp Prism  
  90  8:19  Pylon  
  91  8:26  Stalker  
  93  8:30  Sentry x2  
  93  8:31  Protoss Ground Weapons Level 2  
  93  8:33  Pylon  
  99  8:38  Photon Cannon  
  99  8:39  Shield Battery  
  99  8:44  Stalker x2  
  99  8:45  Stalker  
  105  8:51  Stalker  
  107  9:02  Stalker x2  
  111  9:03  Stalker x2  
  115  9:11  Probe  
  115  9:14  Probe  
  116  9:19  Stalker x2  
  116  9:20  Stalker x2  
  116  9:21  Probe  
  123  9:25  Probe  
  123  9:26  Probe  
  123  9:30  Robotics Bay  
  122  9:32  Zealot  
  122  9:33  Probe  
  122  9:37  Probe  
  124  9:39  Probe  
  125  9:45  Probe  
  122  9:53  Stalker x5  
  130  10:06  Stalker x2  
  127  10:19  Disruptor  
  125  10:22  Probe  
  115  10:30  Pylon  
  115  10:32  Pylon  
  115  10:33  Stalker x6  
  111  10:35  Probe  
  111  10:37  Probe  
  111  10:39  Probe  
  95  10:43  Probe  
  95  10:45  Probe  
  95  10:48  Disruptor  
  94  10:51  Probe  
  94  10:52  Probe  
  99  10:58  Stalker x2  
  99  10:59  Stalker x3  
  99  11:02  Stalker  
  104  11:21  Pylon  
  104  11:24  Gateway  
  104  11:25  Disruptor  
  107  11:27  Gateway  
  107  11:33  Gateway, Stalker x2  
  107  11:34  Stalker  
  107  11:35  Sentry x2  
  117  11:42  Probe x2  
  117  11:43  Probe  
  117  11:46  Assimilator  
  120  11:55  Protoss Ground Weapons Level 3  
  120  12:01  Zealot x2  
  124  12:03  Probe  
  124  12:05  Probe  
  124  12:06  Probe  
  124  12:07  Zealot  
  129  12:10  Zealot  
  129  12:14  Colossus  
  137  12:18  Pylon  
  135  12:23  Zealot x3  
  131  12:40  Stalker x3  
  131  12:41  Stalker x2  
  140  12:46  Stalker x2  
  140  12:50  Pylon  
  140  12:55  Probe  
  127  13:06  Probe  
  127  13:10  Zealot  
  127  13:11  Zealot  
  127  13:12  Probe x2  
  132  13:14  Stalker  
  132  13:15  Probe, Stalker x4  
  141  13:23  Stalker  
  141  13:26  Probe  
  113  13:49  Disruptor  
  113  13:53  Probe  
  102  13:55  Stalker x3  
  102  13:56  Stalker x3  
  102  13:57  Probe  
  102  14:00  Probe  
  119  14:02  Probe  
  119  14:09  Probe  
  121  14:10  Probe  
  121  14:12  Probe  
  121  14:19  Probe  
  121  14:21  Probe  
  111  14:24  Probe  
  111  14:30  Sentry x3  
  111  14:31  Probe, Stalker x2  
  119  14:33  Probe  
  119  14:36  Probe  
  120  14:43  Probe  
  118  14:46  Probe  
  87  15:09  Stalker x6  
  71  15:15  Stalker x6  
  71  15:16  Probe  
  71  15:17  Probe  
  83  15:24  Probe  
  84  15:33  Pylon  

Tags
 
Add a new tag
Caveats
  • Supply blocks, unpowered buildings, or Contaminate may cause inaccurate times.
  • Supply counts are checked every 10 seconds.